 Dungeon Crawl Stone Soup version 0.26.1-2-gb8aa6d0cf2 (webtiles) character file.

Game seed: 5961203179718397728

1453 Gadfly the Skirmisher (level 8, -2/80 HPs)
             Began as an Ogre Monk on Feb 13, 2021.
             Was a Believer of Okawaru.
             Slain by a scorpion (7 damage)
             ... on level 6 of the Dungeon.
             The game lasted 00:10:40 (9870 turns).

Gadfly the Skirmisher (Ogre Monk)                   Turns: 9870, Time: 00:10:41

Health: -2/80      AC:  4    Str: 18    XL:     8   Next: 75%
Magic:  11/11      EV: 10    Int: 11    God:    Okawaru [**....]
Gold:   344        SH:  0    Dex: 11    Spells: 7/7 levels left

rFire    + . .     SeeInvis .   b - +2 war axe (elec)
rCold    . . .     Faith    +   (no shield)
rNeg     . . .     Spirit   .   o - +1 robe
rPois    .         Reflect  .   (helmet restricted)
rElec    .         Harm     .   (no cloak)
rCorr    .         Rampage  .   (gloves unavailable)
Will     .....                  (boots unavailable)
Stlth    ++........             h - amulet of faith
HPRegen  0.23/turn              m - ring of protection from fire
MPRegen  0.12/turn              (no ring)

@: mighty, lethally poisoned (-2 -> -7)
A: large, unfitting armour, tough skin 1
a: Renounce Religion, Heroism


You were on level 6 of the Dungeon.
You worshipped Okawaru.
Okawaru was pleased with you.
You visited 2 branches of the dungeon, and saw 7 of its levels.
You also visited: Ossuary.

You collected 344 gold pieces.

Inventory:

Hand Weapons
 a - a +0 flail
 b - a +2 war axe of electrocution (weapon)
 s - a +0 battleaxe of flaming
Missiles
 g - 8 boomerangs (quivered)
Armour
 o - a +1 robe (worn)
Jewellery
 h - an amulet of faith (around neck)
 m - a ring of protection from fire (left hand)
Wands
 l - a wand of iceblast (13)
Scrolls
 f - 2 scrolls of identify
 j - 3 scrolls of magic mapping
 n - 2 scrolls of teleportation
 q - 4 scrolls of remove curse
Potions
 d - a potion of attraction
 e - a potion of might
 i - 2 potions of haste
 k - a potion of flight
 p - a potion of mutation


   Skills:
 + Level 5.0 Fighting
 * Level 4.6 Maces & Flails
 * Level 4.6 Throwing
 * Level 3.7 Armour
 - Level 2.6 Dodging
 - Level 1.4 Stealth
 + Level 4.2 Invocations
 * Level 3.8 Evocations


You had 7 spell levels left.
You didn't know any spells.
Your spell library was empty.

Dungeon Overview and Level Annotations

Branches:
Dungeon (6/15)             Temple (1/1) D:5         Ossuary (visited)

Altars:
Ashenzari
Cheibriados
Dithmenos
Elyvilon
Gozag
Kikubaaqudgha
Makhleb
Nemelex Xobeh
Okawaru
Qazlal
Ru
Sif Muna
Uskayaw
Vehumet
Wu Jian
Xom
Yredelemnul
Zin
The Shining One

Annotations:
D:6 exclusion: oklob plant


Innate Abilities, Weirdness & Mutations

You are too large for most types of armour.
You have tough skin. (AC +1)


Message History

* * * LOW HITPOINT WARNING * * *
The scorpion barely misses you. The adder bites you.
* * * LOW HITPOINT WARNING * * *
You are lethally poisoned!
The adder poisons you!
You barely miss the adder.
The adder is almost dead.
You barely miss the scorpion.
* * * LOW HITPOINT WARNING * * *
You feel sick. The adder bites you but does no damage.
The scorpion closely misses you.
Unknown command.
You closely miss the scorpion.
The scorpion is moderately wounded.
You slash the adder!
You kill the adder!
Okawaru accepts your kill.
* * * LOW HITPOINT WARNING * * *
You feel sick. The scorpion stings you!
You die...

#### ###
##..###.###
#..)@)....#
#.
##.s##r...#
.. #..##....#
..
#...#).......
...
#.....##.##..
.. #...r..
... . ...
...##.. .....
... ........
.... ...
####......
... ...


You could see a scorpion and a quokka.

Vanquished Creatures
  Sigmund (D:3)
  An ice beast (D:5)
  4 ogres
  A centaur (D:6)
  4 wights
  A bullfrog skeleton (D:6)
  A hound (D:4)
  2 orc wizards (D:4)
  Terence (D:2)
  3 worker ants
  A hound zombie (D:6)
  A hound skeleton (D:4)
  13 mummies (Ossuary)
  A howler monkey skeleton (D:4)
  11 adders
  A shadow imp (D:5)
  4 leopard geckos
  13 orcs
  8 giant cockroaches
  10 goblins
  10 hobgoblins
  6 jackals
  3 kobolds (D:1)
  3 quokkas
  5 bats
  3 frilled lizards
  3 gnoll skeletons (Ossuary)
  2 goblin skeletons (Ossuary)
  A jackal skeleton (D:6)
  2 kobold skeletons (Ossuary)
  A leopard gecko skeleton (D:4)
  An orc skeleton (Ossuary)
  9 rats
  11 rat skeletons (Ossuary)
142 creatures vanquished.

Vanquished Creatures (others)
  3 plants
3 creatures vanquished.

Grand Total: 145 creatures vanquished

Notes
Turn   | Place    | Note
-------+----------+-------------------------------------------
     0 | D:1      | Gadfly the Ogre Monk began the quest for the Orb.
     0 | D:1      | Reached XP level 1. HP: 24/24 MP: 1/1
   161 | D:1      | Reached XP level 2. HP: 29/32 MP: 2/2
   498 | D:1      | Reached skill level 1 in Invocations
   775 | D:1      | Reached XP level 3. HP: 37/39 MP: 3/3
  1021 | D:1      | Reached skill level 1 in Throwing
  1569 | D:2      | Noticed Terence
  1601 | D:2      | Killed Terence
  1602 | D:2      | Reached skill level 1 in Armour
  1602 | D:2      | Reached skill level 1 in Evocations
  1736 | D:2      | Reached XP level 4. HP: 48/48 MP: 5/5
  1901 | D:2      | Found a faded altar of an unknown god.
  3390 | D:3      | Reached XP level 5. HP: 22/54 MP: 6/6
  3966 | D:3      | Noticed Sigmund
  3993 | D:3      | Killed Sigmund
  3994 | D:3      | Reached XP level 6. HP: 14/62 MP: 6/8
  4457 | D:4      | Found a sand-covered staircase.
  4654 | Ossuary  | Entered an ossuary
  5805 | Ossuary  | Reached XP level 7. HP: 53/70 MP: 9/9
  6845 | D:4      | Found a hide-covered altar of Uskayaw.
  6845 | D:4      | Found an ornate altar of the Wu Jian Council.
  6845 | D:4      | Found a shimmering altar of Xom.
  7898 | D:5      | Entered Level 5 of the Dungeon
  7900 | D:5      | You fall into a shaft and drop 1 floor!
  8200 | D:5      | Reached XP level 8. HP: 48/79 MP: 10/10
  8908 | D:5      | Found an ancient bone altar of Kikubaaqudgha.
  9024 | D:5      | Found a staircase to the Ecumenical Temple.
  9032 | Temple   | Entered the Ecumenical Temple
  9271 | Temple   | Became a worshipper of Warmaster Okawaru
  9271 | Temple   | Reached * piety under Okawaru
  9271 | Temple   | Reached ** piety under Okawaru
  9604 | D:6      | Noticed an oklob plant
  9759 | D:6      | Found a basalt altar of Yredelemnul.
  9779 | D:6      | HP: 3/71 [poisoned by a worker ant]
  9846 | D:6      | Reached skill level 5 in Fighting
  9870 | D:6      | Slain by a scorpion

Illustrated notes

Levels and vault maps discovered:
D:1:      psy_arrival_whirlpool, layout_loops_corners, moated_statue,
          minmay_tromino_i2
D:2:      layout_loops_corners, chequers_ecumenical_altar_island, uniq_terence
D:3:      layout_basic, uniq_sigmund
D:4:      layout_basic, gammafunk_temple_overflow_forgotten, enter_ossuary_1
D:5:      layout_basic, kiku_gazebo_pond_becter, temple_green
D:6:      layout_cave_pools, general_overflow_altar, lemuel_oklob_altar
Temple:   regret_index_temple_generic_petals

Skill      XL: |  1  2  3  4  5  6  7  8 |
---------------+-------------------------+-----
Invocations    | 1 2 3 4 |  4.2
Throwing       | 1 2 3 4 |  4.6
Armour         | 1 2 3 |  3.7
Evocations     | 1 2 3 |  3.8
Maces & Flails | 3 4 |  4.6
Fighting       | 5 |  5.0
Dodging        | |  2.6
Stealth        | |  1.4

Action                   |  1- 3 |  4- 6 |  7- 9 || total
-------------------------+-------+-------+-------++-------
Melee: Mace              |    76 |   248 |    83 ||   407
       Hand axe          |    40 |    88 |       ||   128
       Flail             |       |       |    14 ||    14
       War axe           |       |       |    68 ||    68
Throw: Boomerang         |       |       |    40 ||    40
Evoke: Wand              |       |       |     2 ||     2
  Use: Potion            |     2 |     6 |     4 ||    12
       Scroll            |     1 |     7 |    10 ||    18
 Stab: Sleeping          |     4 |     2 |     3 ||     9
Armor: Robe              |    23 |    71 |    27 ||   121
       Skin              |    23 |     9 |    10 ||    42
Dodge: Dodged            |    53 |   167 |    97 ||   317
